 Dungeon Crawl Stone Soup version 0.18.1-50-g88ac8fd (webtiles) character file.

2024 CountDeLaPain the Blocker (level 9, -3/78 HPs)
             Began as a Hill Orc Fighter on Oct 12, 2016.
             Slain by an orc warrior
             ... wielding a +0 dire flail
              (21 damage)
             ... on level 8 of the Dungeon.
             The game lasted 00:21:27 (7261 turns).

CountDeLaPain the Blocker (Hill Orc Fighter)        Turns: 7261, Time: 00:21:28

Health: -3/78      AC: 14    Str: 21    XL:     9   Next: 23%
Magic:  9/9        EV:  6    Int:  8    God:
Gold:   462        SH: 11    Dex: 11    Spells: 0 memorised, 8 levels left

rFire  . . .     SeeInvis .     a - +0 flail
rCold  . . .     Gourm    .     y - +0 plate armour
rNeg   . . .     Faith    .     c - +0 shield
rPois  .         Spirit   .     w - +0 helmet
rElec  .         Dismiss  .     (no cloak)
rCorr  .         Reflect  .     (no gloves)
SustAt .         Harm     .     (no boots)
MR     .....                    (no amulet)
Stlth  ..........               (no ring)
                                (no ring)

@: not resistant to hostile enchantments, extremely unstealthy
A: no striking features
a: no special abilities


You were on level 8 of the Dungeon.
You were not hungry.

You visited 1 branch of the dungeon, and saw 8 of its levels.

You collected 462 gold pieces.

Inventory:

Hand Weapons
 a - a +0 flail (weapon)
Armour
 b - a +0 scale mail
 c - a +0 shield (worn)
 w - a +0 helmet (worn)
 y - a +0 plate armour (worn)
Jewellery
 x - an uncursed ring of stealth {unknown}
 A - a cursed -2 ring of intelligence {unknown}
Scrolls
 e - a scroll of identify
 h - 4 scrolls of teleportation
 j - a scroll of enchant armour {unknown}
 n - 4 scrolls of amnesia {unknown}
 o - 2 scrolls of fog {unknown}
 s - 4 scrolls of enchant weapon {unknown}
 t - 3 scrolls of immolation {unknown}
 u - 4 scrolls of remove curse {unknown}
 v - a scroll of recharging {unknown}
 F - a scroll of magic mapping {unknown}
Potions
 g - a potion of lignification
 i - 4 potions of flight
 k - 2 potions of heal wounds
 l - 6 potions of curing
 q - a potion of agility {unknown}
 r - a potion of mutation {unknown}
 z - a potion of brilliance {unknown}
 B - a potion of degeneration {unknown}
 C - a potion of invisibility {unknown}
 E - a potion of cure mutation {unknown}
Comestibles
 d - 9 fruits
 f - 5 bread rations
 m - a meat ration
 p - 2 beef jerkies
 D - 2 chunks of flesh


   Skills:
 + Level 6.8 Fighting
 + Level 5.6 Maces & Flails
 + Level 6.7 Armour
 + Level 3.3 Dodging
 + Level 8.2 Shields


You had 8 spell levels left.
You didn't know any spells.

Dungeon Overview and Level Annotations

Branches:
Dungeon (8/15)
 Temple: D:4-7         Lair: D:8-11

Altars:
Cheibriados
Fedhas
Kikubaaqudgha
Okawaru
Sif Muna


Message History

You sock the orc warrior!
The orc warrior is heavily wounded.
You block the orc warrior's attack.
You hit the orc warrior but do no damage.
The orc warrior is heavily wounded.
You block the orc warrior's attack. The orc warrior completely misses you.
You closely miss the orc warrior.
The orc warrior is heavily wounded.
The orc warrior hits you with a dire flail!
Your shield and plate armour prevent you from hitting the orc warrior.
The orc warrior is heavily wounded.
The orc warrior hits you with a dire flail!
You closely miss the orc warrior.
The orc warrior is heavily wounded.
The orc warrior hits you with a dire flail!
* * * LOW HITPOINT WARNING * * *
You hit the orc warrior but do no damage.
The orc warrior is heavily wounded.
The orc warrior hits you with a dire flail!!
You die...

..
#.....#####.########
... #........##÷# ..
#....###.##)### #
###### #.##...#
####.##.#.#
##.......#.#
#........#.#
#..##.#....#
#..@.†...####
#.).o.......###
###.............
#....♣♣♣♣♣####
###..÷♣♣ #...#.♣
####.#.#.♣
#..(.P...#
.....P...P#


You could see an orc warrior.

Vanquished Creatures
  Sigmund (D:3)
  The ghost of alphappy the Insei, an amateur OpTm of Vehumet (D:5)
  The ghost of sleepydude the Digger, an amateur GrEE (D:4)
  2 ice beasts (D:6)
  2 phantoms
  A centaur (D:5)
  The ghost of rjaguar3 the Digger, an amateur GrEE (D:3)
  3 giant frogs
  3 scorpions
  A wight (D:8)
  A howler monkey (D:6)
  3 crimson imps
  A centaur skeleton (D:5)
  4 orc wizards (D:4)
  2 hounds (D:4)
  A jelly (D:8)
  2 worker ants (D:4)
  Natasha (thrice) (D:4)
  Terence (D:3)
  6 adders
  2 river rats (D:8)
  A shadow imp (D:6)
  An ooze (D:2)
  An adder zombie (D:6)
  A worm (D:3)
  A dart slug (D:1)
  5 giant geckos
  16 orcs
  15 bats
  2 giant cockroaches
  9 goblins
  11 hobgoblins
  10 jackals
  7 kobolds
  4 quokkas
  2 ball pythons
  6 giant newts
  13 rats
147 creatures vanquished.

Vanquished Creatures (others)
  A human (D:5)
  5 fungi (D:8)
  A plant (D:8)
7 creatures vanquished.

Grand Total: 154 creatures vanquished

Notes
Turn   | Place    | Note
--------------------------------------------------------------
     0 | D:1      | CountDeLaPain the Hill Orc Fighter began the quest for the Orb.
     0 | D:1      | Reached XP level 1. HP: 19/19 MP: 1/1
     6 | D:1      | Noticed a hog
     6 | D:1      | Noticed a polar bear
     7 | D:1      | Noticed an anaconda
     7 | D:1      | Noticed a worker ant
   129 | D:1      | Reached XP level 2. HP: 27/27 MP: 2/2
   449 | D:1      | Reached XP level 3. HP: 27/33 MP: 3/3
   901 | D:2      | Reached skill level 4 in Shields
  1012 | D:2      | Found an iron altar of Okawaru.
  1428 | D:2      | You fall through a shaft!
  1878 | D:2      | Reached XP level 4. HP: 30/40 MP: 4/4
  2020 | D:3      | Noticed rjaguar3's ghost (amateur GrEE)
  2133 | D:3      | Killed rjaguar3's ghost
  2133 | D:3      | Reached skill level 1 in Dodging
  2133 | D:3      | Reached XP level 5. HP: 39/47 MP: 5/5
  2192 | D:3      | Noticed Sigmund
  2438 | D:3      | Killed Sigmund
  2438 | D:3      | Reached XP level 6. HP: 11/53 MP: 6/6
  2725 | D:3      | Noticed Terence
  2740 | D:3      | Killed Terence
  2769 | D:3      | Found a blossoming altar of Fedhas.
  2930 | D:4      | Noticed Natasha
  2948 | D:4      | Killed Natasha
  3208 | D:4      | Reached skill level 5 in Shields
  3219 | D:4      | Noticed sleepydude's ghost (amateur GrEE)
  3474 | D:4      | Noticed Natasha
  3481 | D:4      | Reached XP level 7. HP: 45/60 MP: 7/7
  3489 | D:4      | Killed Natasha
  3683 | D:4      | Reached skill level 5 in Fighting
  3835 | D:4      | Reached skill level 5 in Armour
  4124 | D:4      | Killed sleepydude's ghost
  4375 | D:4      | Noticed Natasha
  4393 | D:4      | Killed Natasha
  4466 | D:5      | Entered Level 5 of the Dungeon
  4543 | D:5      | Found a snail-covered altar of Cheibriados.
  4636 | D:5      | Reached XP level 8. HP: 69/69 MP: 8/8
  4727 | D:5      | Noticed alphappy's ghost (amateur OpTm)
  4753 | D:5      | Killed alphappy's ghost
  4753 | D:5      | Reached skill level 6 in Shields
  5646 | D:5      | Found an ancient bone altar of Kikubaaqudgha.
  6089 | D:6      | Found a deep blue altar of Sif Muna.
  6162 | D:6      | Reached skill level 7 in Shields
  6209 | D:6      | Reached skill level 5 in Maces & Flails
  6589 | D:6      | Reached XP level 9. HP: 74/78 MP: 9/9
  7157 | D:8      | Reached skill level 8 in Shields
  7261 | D:8      | Slain by an orc warrior

Skill      XL: |  1  2  3  4  5  6  7  8  9 |
---------------+----------------------------+-----
Fighting       | 4 5 6 |  6.8
Shields        | 4 5 7 8 |  8.2
Dodging        | 1 2 3 |  3.3
Armour         | 4 5 6 |  6.7
Maces & Flails | 3 4 5 |  5.6

Action                   |  1- 3 |  4- 6 |  7- 9 || total
-------------------------+-------+-------+-------++-------
Melee: Flail             |   128 |   166 |   551 ||   845
  Use: Scroll            |     2 |       |     3 ||     5
       Potion            |       |     2 |       ||     2
  Eat: Chunk             |     3 |     6 |    11 ||    20
       Fruit             |       |       |     2 ||     2
Armor: Scale mail        |   107 |    90 |     9 ||   206
       Plate armour      |       |       |   367 ||   367
Dodge: Dodged            |    51 |    67 |   161 ||   279
Block: Shield            |    96 |   111 |   382 ||   589
